 Dungeon Crawl Stone Soup version 0.20-a0-945-g3bf614a (webtiles) character file.

211576 Colliwobble the Impaler (level 19, -6/128 HPs)
             Began as a Gargoyle Fighter on Mar 30, 2017.
             Was the Champion of Ru.
             Killed from afar by a crystal guardian (14 damage)
             ... with a crystal bolt
             ... on level 2 of the Depths on Apr 1, 2017.
             The game lasted 02:02:09 (33694 turns).

Colliwobble the Impaler (Gargoyle Fighter)         Turns: 33694, Time: 02:02:10

Health: -6/128     AC: 37    Str: 31    XL:     19   Next: 30%
Magic:  19/19      EV:  6    Int: 12    God:    Ru [******]
Gold:   1346       SH: 11    Dex: 20    Spells: 18/18 levels left

rFire    + . .     SeeInvis .   a - +4 demon trident (elec)
rCold    + + .     Gourm    .   c - +0 shield
rNeg     + + .     Faith    .   Q - +1 plate armour {rC+}
rPois    ∞         Spirit   .   o - +2 helmet "Ekucike" {rElec rN+ MR+}
rElec    +         Reflect  .   B - scarf {rC+ rF+}
rCorr    .         Harm     .   Y - +0 pair of gloves
MR       +++..                  g - +2 pair of boots
Stlth    ..........             r - amulet of regeneration
Regen    0.8/turn               u - ring "Rentan" {Str+9 Int+3 Dex+5}
MPRegen  0.2/turn               H - ring of protection from magic

@: flying
A: big wings, negative energy resistance 1, electricity resistance, unbreathing,
petrification resistance, rot immunity, no stealth, inability to use devices,
inability to train dodging, no fire magic, no hexes magic, no summoning magic,
reduced AC 1, AC +13
a: Stop Flying, Draw Out Power, Power Leap, Apocalypse, Renounce Religion


You were on level 2 of the Depths.
You worshipped Ru.
Ru was exalted by your worship.
You were near starving.

You visited 7 branches of the dungeon, and saw 32 of its levels.
You also visited: Ice Cave.

You collected 2913 gold pieces.
You spent 1567 gold pieces at shops.

Inventory:

Hand Weapons
 a - a +4 demon trident of electrocution (weapon)
 b - a +7 hand crossbow
 N - the +7 trident "Efeor" {pierce, MP+9}
   (You found it on level 7 of the Dungeon)

   It inflicts extra damage upon your enemies.
   It affects your magic capacity (+9).
 O - a +0 lajatang
Missiles
 e - 196 bolts
 I - 3 throwing nets (quivered)
Armour
 c - a +0 shield (worn)
 g - a +2 pair of boots (worn)
 o - the +2 helmet "Ekucike" (worn) {rElec rN+ MR+}
   (You bought it in a shop on level 2 of the Orcish Mines)

   It insulates you from electricity.
   It protects you from negative energy.
   It affects your resistance to hostile enchantments.
 B - a scarf of resistance (worn)
 Q - a +1 plate armour of cold resistance (worn)
 Y - a +0 pair of gloves (worn)
Jewellery
 q - an uncursed ring of fire
 r - an amulet of regeneration (around neck)
 u - the ring "Rentan" (left hand) {Str+9 Int+3 Dex+5}
   (You found it on level 5 of the Dungeon)

   [ring of dexterity]

   It affects your strength (+9).
   It affects your intelligence (+3).
   It affects your dexterity (+5).
 H - a ring of protection from magic (right hand)
 K - an uncursed ring of see invisible
 V - an uncursed ring of ice
Scrolls
 d - a scroll of holy word
 k - 7 scrolls of enchant armour
 l - a scroll of fog
 m - 4 scrolls of identify
 p - 2 scrolls of summoning
 t - 8 scrolls of teleportation
 w - 10 scrolls of amnesia
 x - 3 scrolls of enchant weapon
 y - 11 scrolls of remove curse
 z - 6 scrolls of fear
 F - 8 scrolls of immolation
 J - 2 scrolls of brand weapon
 M - 2 scrolls of vulnerability
 P - 3 scrolls of blinking
 R - a scroll of acquirement
Potions
 h - 21 potions of curing
 i - 5 potions of resistance
 j - a potion of cancellation
 s - 3 potions of mutation
 v - 4 potions of haste
 D - 3 potions of ambrosia
 E - 2 potions of invisibility
 G - 8 potions of lignification
 L - 2 potions of magic
 S - 4 potions of heal wounds
 U - 5 potions of brilliance
 W - a potion of might
Books
 T - a book of the Tempests

   Spells                             Type                      Level
   a - Static Discharge               Conjuration/Air              3
   b - Lightning Bolt                 Conjuration/Air              5
   c - Ignition                       Fire                         8
   d - Tornado                        Air                          9
   e - Shatter                        Earth                        9
Comestibles
 f - 14 bread rations
 n - 9 royal jellies
 A - 11 meat rations


   Skills:
 - Level 17.2 Fighting
   Level 9.0 Maces & Flails
 + Level 18.6 Polearms
 - Level 10.0 Crossbows
 - Level 18.4 Armour
 - Level 3.2 Shields


You had 18 spell levels left.
You didn't know any spells.

Dungeon Overview and Level Annotations

Branches:
Dungeon (15/15)            Temple (1/1) D:4            Lair (6/6) D:9
 Shoals (3/4) Lair:3       Spider (3/4) Lair:3        Slime (0/5) Lair:6
    Orc (2/2) D:10            Elf (0/3) Orc:2        Vaults (0/5) D:13
 Depths (2/5) D:15

Altars:
Ashenzari
Cheibriados
Dithmenos
Elyvilon
Fedhas
Gozag
Hepliaklqana
Kikubaaqudgha
Makhleb
Nemelex Xobeh
Okawaru
Qazlal
Ru
Sif Muna
Trog
Uskayaw
Vehumet
Wu Jian
Xom
Yredelemnul
Zin
The Shining One
Beogh

Shops:
Orc:1 (=!**   Orc:2 (=[*(   Depths:1 *:(

Portals:
Hell: Depths:1
Ziggurat: Depths:1

Annotations:
D:2 yuif
Lair:1 exclusion: 2 oklob plants


Innate Abilities, Weirdness & Mutations

You are resistant to torment.
Your stone body is resilient. (AC +13)
You are immune to poison.
Your large and strong wings let you fly indefinitely.
You resist negative energy. (rN+)
You are resistant to electric shocks. (rElec)
You can survive without breathing.
You are immune to petrification.
You are immune to rotting.
You cannot be stealthy.
You cannot study or use magical devices.
You cannot train Dodging skill.
You cannot study or cast Fire magic.
You cannot study or cast Hexes magic.
You cannot study or cast Summoning magic.
You take slightly more damage. (AC -5)


Message History

The crystal guardian fires a crystalline bolt at you.
The crystal bolt freezes you! You resist. The crystal bolt freezes you!
You puncture the crystal guardian!
The crystal guardian is severely damaged.
You are engulfed in freezing vapours.
You resist.
* * * LOW HITPOINT WARNING * * *
You focus your will and illuminate the crystal guardian in retribution!
The crystal guardian fires a crystalline bolt at you.
The crystal bolt freezes you! You resist.
* * * LOW HITPOINT WARNING * * *
The crystal bolt freezes you! You resist.
* * * LOW HITPOINT WARNING * * *
You hit the crystal guardian.
The crystal guardian is severely damaged.
You are engulfed in freezing vapours.
You resist.
The crystal guardian fires a crystalline bolt at you.
The crystal bolt freezes you! You resist.
* * * LOW HITPOINT WARNING * * *
The crystal bolt freezes you! You resist.
You die...

#........# #...
....# #..# ...#
#### #..##
#..###..##
#...###..##....##
#..§≈##..#......#
#...≈≈#.........#
#...#≈§.........##
#...##@8....##...#
##...##)≈..####..#
#....##≈≈## ###.##
#....###≈≈###<#..##
##....###≈≈#.8##..#
#....####≈≈..##..#
#.....# ##≈≈.###.#
#.....## ##≈≈###.#
###....## ##≈≈##.#


You could see a crystal guardian.

Vanquished Creatures
  Arachne (Spider:1)
  A lich (D:15)
  Rupert (D:12)
  Asterion (Spider:2)
  An acid blob (shapeshifter) (Depths:2)
  A sphinx (D:15)
  Agnes (Spider:1)
  Kirke (D:14)
  Roxanne (Shoals:1)
  Donald (Spider:1)
  The ghost of Likado the Severer, a journeyman HOFi of Makhleb (Orc:2)
  2 fire giants (Depths:1)
  An orc warlord (Orc:1)
  3 emperor scorpions
  2 ghouls (D:14)
  3 war gargoyles (Depths:2)
  17 very ugly things
  3 stone giants
  A stone giant (shapeshifter) (Depths:2)
  2 entropy weavers (Spider:1)
  Nessos (D:14)
  A dire elephant (shapeshifter) (Depths:2)
  A dire elephant (Lair:6)
  2 merfolk javelineers (Shoals:3)
  An ettin (Orc:2)
  3 merfolk impalers
  5 crystal guardians (Depths:2)
  Josephine (D:15)
  6 hydras
  2 rakshasas (Depths:1)
  A merfolk avatar (Shoals:3)
  4 vault guards (D:13)
  The ghost of lunkers the Unseen, a journeyman SpEn of Ashenzari (Lair:4)
  A death knight (D:12)
  A hydra (shapeshifter) (D:15)
  2 catoblepae (Lair:6)
  A merfolk aquamancer (Shoals:3)
  A satyr (Shoals:2)
  5 centaur warriors
  17 two-headed ogres
  2 ogre magi (Depths:1)
  3 dancing weapons (Depths:2)
  2 deep troll shamans
  A deep troll earth mage (Depths:1)
  The ghost of Elysium the Bludgeoner, a novice MiBe of Trog (D:9)
  3 death yaks (Lair:6)
  5 orc high priests (Orc:2)
  A shock serpent (Depths:2)
  Sonja (D:12)
  A shadow wraith (D:13)
  The ghost of SummonerCarey the Arsonist, a novice DEFE of Vehumet (D:10)
  7 sea snakes
  6 skeletal warriors
  2 deep trolls (Depths:1)
  7 glowing orange brains
  A death drake (shapeshifter) (Depths:2)
  3 orc knights
  14 orb spiders
  2 necromancers
  4 wizards
  3 deep elf magi
  2 wolf spider zombies
  15 wolf spiders
  A wolf spider (shapeshifter) (Depths:2)
  3 harpies (Shoals:3)
  11 ugly things
  13 fauns
  4 cyclopes
  5 orc sorcerers
  6 manticores
  3 moths of wrath
  8 merfolk sirens
  17 elephants
  2 torpor snails (Spider:3)
  A molten gargoyle (Depths:2)
  A naga mage (D:15)
  2 black mambas
  8 water nymphs
  5 spiny frogs
  5 ice statues
  3 gargoyles
  A rime drake (Lair:2)
  6 centaur skeletons
  A freezing wraith (D:13)
  An efreet (D:13)
  8 yaktaurs
  8 demonic crawlers
  8 komodo dragons
  A guardian mummy (D:14)
  11 ice devils (IceCv)
  A polar bear (shapeshifter) (D:14)
  A tengu conjurer (D:15)
  8 trolls
  3 meliai (Spider:2)
  21 merfolk
  A queen bee (shapeshifter) (Depths:1)
  2 polar bears (Lair:6)
  18 jumping spiders
  6 harpy zombies (Shoals:2)
  3 hornets
  2 merfolk (shapeshifter) (Depths:2)
  3 wind drakes
  A hippogriff (shapeshifter) (Depths:1)
  A slime creature (shapeshifter) (Depths:2)
  6 snapping turtles
  20 dream sheep
  4 blink frogs (Lair:4)
  4 slime creatures (D:13)
  10 hippogriffs
  A vampire (D:10)
  13 water elementals
  3 air elementals (Depths:2)
  The ghost of Cover the Digger, an amateur GrEE (D:3)
  6 wraiths
  54 redbacks
  A shadow (D:15)
  2 wyverns
  49 yaks
  A spriggan (shapeshifter) (D:13)
  3 fire elementals (Depths:2)
  3 hogs (D:14)
  4 basilisks
  3 humans (D:13)
  17 tarantellas
  2 vampire mosquitoes (D:13)
  2 hungry ghosts
  3 wargs (Orc:1)
  A soldier ant (D:10)
  A warg (shapeshifter) (Depths:2)
  An insubstantial wisp (Depths:2)
  11 water moccasins
  36 orc warriors
  13 porcupines
  2 sky beasts
  7 black bears
  A hornet zombie (D:15)
  5 ice beasts
  A meliai simulacrum (D:14)
  An ogre (shapeshifter) (Depths:1)
  2 phantoms (D:5)
  12 ogres
  An eye of draining (D:13)
  9 wolves
  4 boggarts (D:15)
  10 centaurs
  12 crocodiles
  A big kobold (D:12)
  16 bullfrogs
  8 earth elementals
  An elf zombie (D:11)
  A wyvern zombie (D:14)
  A troll zombie (D:11)
  A hornet simulacrum (D:13)
  3 scorpions
  A howler monkey (D:9)
  9 wights
  3 electric eels
  6 jellies
  A crimson imp (D:15)
  2 quasits
  2 bullfrog zombies (D:5)
  4 hounds
  7 centaur zombies
  3 draconian simulacra (IceCv)
  29 orc priests
  5 human zombies (D:11)
  Crazy Yiuf (D:2)
  3 bullfrog skeletons
  8 worker ants
  3 iguanas
  24 orc wizards
  3 troll simulacra (IceCv)
  A killer bee zombie (D:9)
  3 centaur simulacra
  4 mummies
  Robin (D:2)
  11 adders
  2 naga simulacra (IceCv)
  5 shadow imps
  6 oozes
  2 adder skeletons
  A worm (D:2)
  2 dart slugs
  14 leopard geckos
  82 orcs
  A ball python (D:3)
  6 giant cockroaches
  2 gnoll zombies (D:2)
  12 goblins
  10 hobgoblins
  5 jackals
  3 quokkas
  10 bats
  9 frilled lizards
  11 kobolds
  An orc zombie (D:11)
  A quokka skeleton (D:9)
  A quokka zombie (D:5)
  10 rats
  A plant (Lair:6)
1108 creatures vanquished.

Vanquished Creatures (others)
  The ghost of Xenthori the Severer, a journeyman MiBe of Trog (D:11)
  A merfolk impaler (Shoals:1)
  A two-headed ogre (D:15)
  A satyr (Shoals:2)
  An orc knight (Orc:2)
  A spiny frog (Lair:3)
  A demonic crawler (Spider:1)
  An ice devil (IceCv)
  A jumping spider (Spider:2)
  A wind drake (Depths:2)
  A dream sheep (Shoals:1)
  A redback (Spider:1)
  2 air elementals (Depths:2)
  A human (D:14)
  A water moccasin (Lair:4)
  An acid dragon (D:14)
  An orc warrior (Orc:1)
  A black bear (D:9)
  A boggart (D:15)
  A centaur (D:14)
  A centaur simulacrum (IceCv)
  9 ball lightnings (Depths:2)
  4 orcs
  6 fungi
  3 plants
44 creatures vanquished.

Grand Total: 1152 creatures vanquished

Notes
Turn   | Place    | Note
-------+----------+-------------------------------------------
     0 | D:1      | Colliwobble the Gargoyle Fighter began the quest for the Orb.
     0 | D:1      | Reached XP level 1. HP: 14/14 MP: 1/1
   150 | D:1      | Reached XP level 2. HP: 16/19 MP: 2/2
   400 | D:1      | Reached XP level 3. HP: 16/23 MP: 3/3
   579 | D:2      | Noticed Robin
   599 | D:2      | Killed Robin
   599 | D:2      | Reached XP level 4. HP: 14/28 MP: 4/4
  1336 | D:2      | Found a runed door.
  1421 | D:2      | Found a basalt altar of Yredelemnul.
  1548 | D:3      | Reached skill level 5 in Maces & Flails
  1548 | D:3      | Reached XP level 5. HP: 32/32 MP: 5/5
  1654 | D:3      | Noticed Cover's ghost (amateur GrEE)
  1688 | D:3      | Killed Cover's ghost
  1688 | D:3      | Reached XP level 6. HP: 35/37 MP: 6/6
  2170 | D:3      | Reached XP level 7. HP: 32/41 MP: 7/7
  2291 | D:3      | Found a faded altar of an unknown god.
  2344 | D:4      | Found a staircase to the Ecumenical Temple.
  2382 | Temple   | Entered the Ecumenical Temple
  2574 | Temple   | Became a worshipper of Ru the Awakened
  3210 | D:4      | Found an ancient bone altar of Kikubaaqudgha.
  3215 | D:4      | Found a deep blue altar of Sif Muna.
  3465 | D:5      | Entered Level 5 of the Dungeon
  3612 | D:4      | Reached XP level 8. HP: 11/46 MP: 8/8
  3966 | D:5      | Found a snail-covered altar of Cheibriados.
  4064 | D:5      | Got a scorched jade ring
  4269 | D:5      | Gained mutation: You cannot study or cast Fire magic. [Ru sacrifice]
  4269 | D:5      | Gained mutation: You cannot study or cast Hexes magic. [Ru sacrifice]
  4269 | D:5      | Gained mutation: You cannot study or cast Summoning magic. [Ru sacrifice]
  4269 | D:5      | Reached * piety under Ru
  4294 | D:5      | Identified the ring "Rentan" {Str+9 Int+3 Dex+5} (You found it on level 5 of the Dungeon)
  4371 | D:6      | Reached skill level 5 in Armour
  4469 | D:6      | Reached skill level 5 in Fighting
  5129 | D:7      | Found a bloodstained altar of Trog.
  5138 | D:7      | Reached XP level 9. HP: 55/55 MP: 9/9
  5269 | D:7      | Got a transparent trident
  5271 | D:7      | Identified the +7 trident "Efeor" {pierce, MP+9} (You found it on level 7 of the Dungeon)
  5330 | D:7      | Found a shattered altar of Ashenzari.
  5360 | D:7      | Reached skill level 1 in Polearms
  5426 | D:7      | Found a glowing silver altar of Zin.
  5427 | D:7      | Noticed an angel
  5840 | D:2      | Noticed Crazy Yiuf
  5844 | D:2      | Killed Crazy Yiuf
  6360 | D:8      | Reached skill level 5 in Polearms
  6521 | D:9      | Gained mutation: You cannot train Dodging skill. [Ru sacrifice]
  6521 | D:9      | Reached ** piety under Ru
  6537 | D:9      | Found a staircase to the Lair.
  6552 | D:9      | Reached XP level 10. HP: 61/61 MP: 10/10
  6604 | D:9      | Noticed Elysium's ghost (novice MiBe)
  6625 | D:9      | Killed Elysium's ghost
  6861 | D:9      | Noticed a centaur warrior
  6871 | D:9      | Killed a centaur warrior
  6947 | D:9      | Noticed a two-headed ogre
  6953 | D:9      | Killed a two-headed ogre
  6953 | D:9      | Reached skill level 10 in Polearms
  7055 | D:9      | Found a hazy altar of Hepliaklqana.
  7301 | Lair:1   | Entered Level 1 of the Lair of Beasts
  7680 | Lair:1   | Noticed a spiny frog
  7690 | Lair:1   | Killed a spiny frog
  7690 | Lair:1   | Reached XP level 11. HP: 40/66 MP: 10/11
  7980 | Lair:1   | Noticed an oklob plant
  7980 | Lair:1   | Noticed an oklob plant
  8183 | Lair:1   | Noticed a six-headed hydra
  8192 | Lair:1   | Killed a six-headed hydra
  8515 | Lair:1   | Gained mutation: You cannot study or use magical devices. [Ru sacrifice]
  8515 | Lair:1   | Reached *** piety under Ru
  8515 | Lair:1   | Reached **** piety under Ru
  8741 | Lair:2   | Got a twisted falchion
  8743 | Lair:2   | Identified the cursed +1 falchion of Eternal Vigilance {flame, Str+2} (You found it on level 2 of the Lair of Beasts)
  9697 | Lair:3   | Reached XP level 12. HP: 62/71 MP: 12/12
 10041 | Lair:3   | Found a staircase to the Shoals.
 10232 | Lair:3   | Gained mutation: You take slightly more damage. (AC -5) [Ru sacrifice]
 10232 | Lair:3   | Reached ***** piety under Ru
 10366 | Lair:3   | Found a hole to the Spider Nest.
 10725 | Lair:4   | Noticed lunkers's ghost (journeyman SpEn)
 10735 | Lair:4   | Killed lunkers's ghost
 10747 | Lair:4   | Found a frozen archway.
 10761 | IceCv    | Entered an ice cave
 11721 | IceCv    | Reached XP level 13. HP: 71/80 MP: 13/13
 11868 | Lair:4   | Reached skill level 10 in Armour
 12117 | Lair:4   | Reached skill level 10 in Fighting
 12728 | Lair:5   | Gained mutation: You cannot be stealthy. [Ru sacrifice]
 12728 | Lair:5   | Reached ****** piety under Ru
 13507 | D:10     | Entered Level 10 of the Dungeon
 13991 | D:10     | Found a staircase to the Orcish Mines.
 14033 | D:10     | Noticed SummonerCarey's ghost (novice DEFE)
 14071 | D:10     | Killed SummonerCarey's ghost
 14350 | Orc:1    | Entered Level 1 of the Orcish Mines
 14350 | Orc:1    | Found Zabled's General Store.
 14519 | Orc:1    | Bought a scroll of identify for 28 gold pieces
 14519 | Orc:1    | Bought a scroll of identify for 28 gold pieces
 14519 | Orc:1    | Bought a +2 leather armour of fire resistance for 266 gold pieces
 14590 | Orc:1    | Found Orchae's Jewellery Shop.
 14592 | Orc:1    | Found Kerrudi's Antique Weapon Emporium.
 14613 | Orc:1    | Bought an uncursed amulet of regeneration for 360 gold pieces
 14629 | Orc:1    | Found Huorchikk's Distillery.
 14637 | Orc:1    | Bought a potion of haste for 140 gold pieces
 14778 | Orc:1    | Found Nusholoz's General Store.
 14786 | Orc:1    | Bought a scroll of identify for 22 gold pieces
 14874 | Orc:2    | Entered Level 2 of the Orcish Mines
 14898 | Orc:2    | Found a roughly hewn altar of Beogh.
 14972 | Orc:2    | Noticed Likado's ghost (journeyman HOFi)
 15505 | Orc:2    | Killed Likado's ghost
 15596 | Orc:2    | Noticed an ettin
 15687 | Orc:2    | Killed an ettin
 15883 | Orc:2    | Found a staircase to the Elven Halls.
 15905 | Orc:2    | Found Keugywk's Antique Weapon Emporium.
 16057 | Orc:2    | Gained mutation: Your large and strong wings let you fly indefinitely. [Gargoyle growth]
 16057 | Orc:2    | Reached XP level 14. HP: 92/92 MP: 14/14
 16227 | Orc:2    | Noticed an orc warlord
 16278 | Orc:1    | Killed an orc warlord
 17058 | Orc:2    | Found Gaiphar's General Store.
 17059 | Orc:2    | Found Sittigu's Jewellery Shop.
 17061 | Orc:2    | Found Onuluff's Antique Armour Shop.
 17061 | Orc:2    | Found Eqonun's Antique Weapon Boutique.
 17077 | Orc:2    | Bought a scorched helmet for 370 gold pieces
 17078 | Orc:2    | Identified the +2 helmet "Ekucike" {rElec rN+ MR+} (You bought it in a shop on level 2 of the Orcish Mines)
 17102 | Orc:2    | Bought a scroll of identify for 30 gold pieces
 17373 | D:11     | Noticed Xenthori's ghost (journeyman MiBe)
 17400 | D:11     | Killed Xenthori's ghost
 17426 | D:11     | Found a stormy altar of Qazlal.
 17715 | D:11     | Found a basalt altar of Yredelemnul.
 18086 | D:12     | Noticed Rupert
 18091 | D:12     | Paralysed by Rupert for 4 turns
 18108 | D:12     | Killed Rupert
 18185 | D:12     | Reached skill level 15 in Armour
 18576 | D:12     | Noticed Sonja
 18591 | D:12     | Killed Sonja
 19483 | D:13     | Found a gate to the Vaults.
 19505 | D:13     | Reached XP level 15. HP: 94/97 MP: 15/15
 19517 | D:13     | Upgraded the game from 0.20-a0-930-gbddf555 to 0.20-a0-940-g1ecfa5a
 20395 | Orc:1    | Bought an uncursed ring of see invisible for 180 gold pieces
 20687 | D:14     | Noticed Kirke
 20749 | D:14     | Killed Kirke
 20777 | D:14     | Found a shattered altar of Ashenzari.
 20800 | D:14     | Noticed a ghoul
 20833 | D:14     | Killed a ghoul
 21034 | D:14     | Noticed Nessos
 21069 | D:14     | Killed Nessos
 21345 | D:14     | Noticed a ghoul
 21366 | D:14     | Killed a ghoul
 21494 | Orc:1    | Bought a glowing hand crossbow for 143 gold pieces
 21850 | D:14     | Found a hide-covered altar of Uskayaw.
 22012 | D:14     | Reached skill level 1 in Crossbows
 22117 | D:15     | Entered Level 15 of the Dungeon
 22342 | D:15     | Noticed Josephine
 22352 | D:15     | Killed Josephine
 22479 | D:15     | Reached skill level 5 in Crossbows
 22503 | D:15     | Found a staircase to the Depths.
 23053 | Shoals:1 | Entered Level 1 of the Shoals
 23080 | Shoals:1 | Reached XP level 16. HP: 65/103 MP: 16/16
 23698 | Shoals:1 | Noticed Roxanne
 23813 | Shoals:1 | Killed Roxanne
 24479 | Shoals:2 | You are sucked into a shaft!
 24528 | Shoals:3 | Reached skill level 10 in Crossbows
 26251 | Spider:1 | Entered Level 1 of the Spider Nest
 26416 | Spider:1 | Reached skill level 15 in Fighting
 26416 | Spider:1 | Reached XP level 17. HP: 113/113 MP: 17/17
 27075 | Spider:2 | Noticed Arachne
 27118 | Spider:1 | Killed Arachne
 27204 | Spider:2 | Noticed Donald
 27249 | Spider:1 | Killed Donald
 27257 | Spider:1 | Got a fine shield
 27258 | Spider:1 | Identified the cursed -4 shield of Ukhluzxa {Stlth+} (You took it off Donald on level 1 of the Spider Nest)
 27460 | Spider:2 | Got a shimmering chain mail
 27461 | Spider:2 | Identified the +0 chain mail of the Blessed Realm {Str+4 Int+4} (You found it on level 2 of the Spider Nest)
 27475 | Spider:2 | Noticed Asterion
 27543 | Spider:2 | Noticed Agnes
 27544 | Spider:2 | Killed Asterion
 28138 | Spider:1 | Killed Agnes
 28588 | Spider:3 | Upgraded the game from 0.20-a0-940-g1ecfa5a to 0.20-a0-941-gba1b1f9
 29087 | Spider:3 | Identified a scroll of acquirement
 29968 | Lair:6   | Entered Level 6 of the Lair of Beasts
 29985 | Lair:6   | Reached skill level 15 in Polearms
 30015 | Lair:6   | Found a staircase to the Slime Pits.
 30464 | Lair:6   | Reached XP level 18. HP: 124/124 MP: 18/18
 30746 | Lair:6   | Upgraded the game from 0.20-a0-941-gba1b1f9 to 0.20-a0-945-g3bf614a
 31480 | Depths:1 | Entered Level 1 of the Depths
 31480 | Depths:1 | Found a gateway to a ziggurat.
 31480 | Depths:1 | Noticed a lich
 31497 | D:15     | Killed a lich
 32232 | Depths:1 | Found Naihao's Antique Weapon Shoppe.
 32541 | Depths:1 | Found Nicsy's One-of-a-Kind Books.
 32574 | Depths:1 | Found Tuask's Assorted Antiques.
 32692 | Depths:1 | Found a gateway to Hell.
 32984 | Depths:2 | Reached XP level 19. HP: 123/128 MP: 19/19
 32988 | Depths:2 | Paralysed by a floating eye for 2 turns
 33178 | Depths:2 | Noticed a caustic shrike
 33180 | Depths:2 | Noticed a golden dragon
 33180 | Depths:2 | a caustic shrike changed into a golden dragon
 33188 | Depths:2 | a golden dragon changed into an iron dragon
 33196 | Depths:2 | Noticed an iron giant
 33196 | Depths:2 | a shadow dragon changed into an iron giant
 33197 | Depths:2 | an iron giant changed into an acid blob
 33694 | Depths:2 | Killed from afar by a crystal guardian

Vault maps used:
D:1:      dpeg_arrival_tiny_a, minmay_fountain_box, serial_bayou_lake_a
D:2:      lemuel_zombie_altar_yredelemnul, uniq_robin, uniq_crazy_yiuf_cottage
D:3:      chequers_ecumenical_altar_simple, roderic_bipointed_swastika
D:4:      minitemple, minmay_temple_entry_junction
D:5:      kennysheep_mini, first_bread
D:7:      trog_ov_bears_minmay, zin_angel, grunt_ogre_cave, ashenzari_altar_1
D:9:      due_lair_maze_entry_diamond, basic_altar, minmay_lizard_king
D:10:     orc_0_dummy, kennysheep_minor_cross
D:11:     basic_altar, lemuel_mausoleum_altar_yredelemnul
D:12:     uniq_sonja, uniq_rupert
D:13:     minmay_triangles_in_corner, grunt_vaults_entry_fortified
D:14:     serial_undead, serial_undead_e, serial_undead_f, serial_undead_e,
          serial_undead_b, serial_undead_c, serial_undead_c, serial_undead_b,
          serial_undead_d, basic_altar, lemuel_crystal_altar, minivault_16,
          uniq_kirke, uniq_nessos
D:15:     grunt_enter_depths_magical_seal, nrook_uturn, uniq_josephine
Temple:   eino_temple_scatter_basement
Lair:1:   serial_bayou_pond_a, minmay_lair_oklob_chamber, grunt_megastairs_1
Lair:3:   elwin_shoals_entry_rooms, spider_nest_entry_rubble,
          patterned_corridor, grunt_megastairs_2
Lair:4:   portal_ice_cave_entry_pillars_1, beast_lair_carwin_3
Lair:5:   minivault_19
Lair:6:   grunt_lair_end_beastmaster, nicolae_slime_entry_slimehenge,
          st_stairs_10
Shoals:1: uniq_roxanne
Shoals:2: nicolae_shoals_undead_eyrie
Spider:1: spider_trap, nicolae_spider_webbed_stairs
Spider:2: uniq_arachne, uniq_donald, uniq_asterion, uniq_agnes
Spider:3: hangedman_stitches_earthworm, hangedman_spider_tarantella_strand
Orc:1:    serial_shops, nicolae_shop_stone, shop, nicolae_shop_waterfront,
          nicolae_shop_trees, shop
Orc:2:    st_orc_congregation, basic_altar, serial_shops, shop
Depths:1: enter_ziggurat_f, grunt_hell_entry_dis_grunt, serial_shops,
          nicolae_shop_overgrown_old_shop, shop, nicolae_rare_books
Depths:2: radiant_caverns_a_rkd, hell_entry
IceCv:    ice_cave_tombish

Skill      XL: |  1  2  3  4  5  6  7  8  9 10 11 12 13 14 15 16 17 18 19 |
---------------+----------------------------------------------------------+-----
Maces & Flails | 3 4 5 6 7 9 |  9.0
Fighting       | 6 9 12 15 17 | 17.2
Armour         | 6 9 12 16 18 | 18.4
Polearms       | 6 10 13 14 15 17 18 | 18.6
Crossbows      | 6 10 | 10.0
Shields        | |  3.2

Action                   |  1- 3 |  4- 6 |  7- 9 | 10-12 | 13-15 | 16-18 | 19-21 || total
-------------------------+-------+-------+-------+-------+-------+-------+-------++-------
Melee: Flail             |   120 |   263 |   417 |       |       |       |       ||   800
       Trident           |       |       |   102 |   593 |  1707 |    30 |       ||  2432
       Demon trident     |       |       |       |       |       |  1665 |   236 ||  1901
 Fire: Hunting sling     |       |     1 |    22 |    18 |    17 |       |       ||    58
       Hand crossbow     |       |       |       |       |     6 |    86 |       ||    92
Throw: Throwing net      |       |       |       |     1 |     1 |       |       ||     2
Invok: Sacrifice Arcana  |       |       |     1 |       |       |       |       ||     1
       Sacrifice Nimblen |       |       |     1 |       |       |       |       ||     1
       Sacrifice Artific |       |       |       |     1 |       |       |       ||     1
       Draw Out Power    |       |       |       |     1 |       |     1 |       ||     2
       Sacrifice Health  |       |       |       |     1 |       |       |       ||     1
       Sacrifice Stealth |       |       |       |       |     1 |       |       ||     1
       Apocalypse        |       |       |       |       |       |     3 |       ||     3
 Abil: Fly               |       |       |       |       |     1 |       |       ||     1
Evoke: Wand              |       |       |     2 |     2 |       |       |       ||     4
  Use: Potion            |     1 |       |       |     1 |     2 |     2 |       ||     6
       Scroll            |       |       |    13 |     9 |    14 |    14 |       ||    50
 Stab: Invisible         |       |       |       |     5 |     8 |     7 |     1 ||    21
       Distracted        |       |       |       |     3 |     8 |    12 |     1 ||    24
       Paralysed         |       |       |       |     3 |     5 |     8 |       ||    16
       Petrified         |       |       |       |       |       |    11 |       ||    11
       Petrifying        |       |       |       |       |       |     2 |       ||     2
  Eat: Chunk             |       |     5 |    13 |    14 |    38 |    26 |       ||    96
       Fruit             |       |       |     3 |     3 |       |     1 |       ||     7
       Royal jelly       |       |       |       |       |       |     1 |     1 ||     2
       Meat ration       |       |       |       |       |       |     1 |       ||     1
Armor: Scale mail        |    69 |   148 |     2 |       |       |       |       ||   219
       Plate armour      |       |       |   431 |   290 |   666 |   943 |    92 ||  2422
Dodge: Dodged            |    43 |    66 |   101 |    69 |   189 |   291 |    16 ||   775
Block: Shield            |    66 |   126 |   270 |   194 |   586 |   663 |    35 ||  1940
